 Dungeon Crawl Stone Soup version 0.29.0-4-gdea44cf6ec (webtiles) character file.

Game seed: 7077694776601047050

32 qw the Chopper (level 3, 0/21 HPs)
             Began as a Tengu Warper on Aug 28, 2022.
             Slain by a gnoll
             ... wielding a +0 spear
              (6 damage)
             ... on level 2 of the Dungeon.
             The game lasted 00:00:09 (1843 turns).

qw the Chopper (Tengu Warper)                       Turns: 1843, Time: 00:00:09

Health: 0/21       AC:  3    Str: 13    XL:     3   Next: 27%
Magic:  7/7        EV: 12    Int: 13    God:
Gold:   56         SH:  0    Dex: 13    Spells: 6/6 levels left

rFire   . . .      SeeInvis +   Y - +0 hand axe
rCold   . . .      Faith    .   (no shield)
rNeg    . . .      Spirit   .   b - +0 leather armour
rPois   .          Reflect  .   (helmet restricted)
rElec   .          Harm     .   (no cloak)
rCorr   .          Rampage  .   (no gloves)
Will    .....                   (boots unavailable)
Stlth   +.........              (no amulet)
HPRegen 0.07/turn               d - ring of see invisible
MPRegen 0.10/turn               (no ring)

@: no status effects
A: beak, talons 3
a: no special abilities


You were on level 2 of the Dungeon.
You visited 1 branch of the dungeon, and saw 2 of its levels.

You collected 56 gold pieces.


Innate Abilities, Weirdness & Mutations

You have a beak for a mouth.
You have claws for feet.


   Skills:
 - Level 2.0 Fighting
 + Level 4.0 Axes
 - Level 1.0 Throwing
 - Level 1.1 Armour
 - Level 2.1 Dodging
 - Level 2.0 Spellcasting
 - Level 2.4 Translocations


You had 6 spell levels left.
You didn't know any spells.
Your spell library contained the following spells:

 Spells                   Type           Power      Damage    Failure   Level
 Blink                    Tloc           14%        N/A       19%         2
 Gell's Gravitas          Tloc           7%         N/A       36%         3
 Lesser Beckoning         Tloc           7%         N/A       36%         3
 Teleport Other           Tloc           7%         N/A       36%         3
 Manifold Assault         Tloc           7%         N/A       98%         5

Inventory:

Hand Weapons
 e - a +0 whip
 Y - a +0 hand axe (weapon)
Armour
 b - a +0 leather armour (worn)
Jewellery
 d - a ring of see invisible (left hand)
Scrolls
 c - a scroll of identify
Potions
 a - a potion of ambrosia {unknown}
 f - a potion of might {unknown}
 g - 2 potions of curing
 i - a potion of magic {unknown}
 j - 2 potions of flight {unknown}

Dungeon Overview and Level Annotations

Branches:
Dungeon (2/15)

Altars:
Xom


Message History

g - 2 potions of curing (gained 1)
f - a black potion You open the door.
There is an open door here.
Found a stone staircase leading down.
Enter note:
Found a stone staircase leading up.
Enter note:
Enter note:
Enter note:
Enter note:
Enter note: A gnoll comes into view. It is wielding a +0 spear.
The gnoll shouts!
You hear a shout! x2; You hear an angry hiss.
1833 ||| Stepping ~*~*~tactically~*~*~ (hiding).
Enter note:
Enter note:
Enter note: You start waiting.
A gnoll is nearby!
A ball python and a gnoll come into view.
The gnoll hits you from afar with a +0 spear.
The gnoll misses you.
The ball python hisses angrily.
You hit the gnoll but do no damage.
You hear a shout!
A gnoll comes into view. It is wielding a +0 war axe.
You barely miss the gnoll. Your kick misses the gnoll. You hit the gnoll.
The gnoll hits you with a +0 spear.
A gnoll comes into view. It is wielding a +0 spear.
The gnoll hits you with a +0 whip.
You hit the gnoll but do no damage. Your kick misses the gnoll.
The gnoll is lightly wounded.
You hit the gnoll.
The gnoll hits you but does no damage. x2
You closely miss the gnoll. You claw the gnoll, but do no damage.
The gnoll is lightly wounded.
You hit the gnoll. The gnoll hits you with a +0 spear.
You die...

##.....###
#........#.# ##.....#
#####.##.#.# ##.....#
#.......# ##...>..
#.....###
##........#<###...###
##................#.#
# #.####....# .#
.#....#.##.# ..
.....Sg@.#.#
...g.#.g...# ....
#...### ... #...# ..
##.## . #.# . #.# .
..#


You could see 3 gnolls and a ball python.

Vanquished Creatures
  A dart slug (D:1)
  3 bats (D:1)
  3 endoplasms
  A giant cockroach (D:1)
  2 goblins (D:1)
  7 hobgoblins
  2 kobolds (D:2)
  A quokka (D:1)
  2 ball pythons (D:1)
  A frilled lizard (D:1)
  4 rats (D:1)
27 creatures vanquished.

Vanquished Creatures (others)
  3 plants (D:1)
3 creatures vanquished.

Grand Total: 30 creatures vanquished

Notes
Turn   | Place    | Note
-------+----------+-------------------------------------------
     0 | D:1      | qw the Tengu Warper began the quest for the Orb.
     0 | D:1      | Reached XP level 1. HP: 12/12 MP: 4/4
     0 | D:1      | 0 ||| qw: Version: 0.1-a-89-g26bdef1
     0 | D:1      | 0 ||| qw: Game counter: 497
     0 | D:1      | 0 ||| qw: Always use a shield: true
     0 | D:1      | 0 ||| qw: God list: Okawaru
     0 | D:1      | 0 ||| qw: Allow faded altars: false
     0 | D:1      | 0 ||| qw: Do Orc after D:15 true
     0 | D:1      | 0 ||| qw: Do second Lair branch before Depths: true
     0 | D:1      | 0 ||| qw: Lair rune preference: random
     0 | D:1      | 0 ||| qw: Plans: Normal
     0 | D:1      | 0 ||| PLANNING D:1-11
   289 | D:1      | Reached XP level 2. HP: 17/17 MP: 6/6
   307 | D:1      | 307 ||| Stepping ~*~*~tactically~*~*~ (hiding).
   310 | D:1      | Reached skill level 3 in Axes
   310 | D:1      | 310 ||| Stepping ~*~*~tactically~*~*~ (hiding).
  1018 | D:1      | Reached XP level 3. HP: 21/21 MP: 7/7
  1129 | D:1      | Found a faded altar of an unknown god.
  1275 | D:1      | 1275 ||| DROPPING amulet of magic regeneration.
  1276 | D:1      | 1276 ||| READING scroll labelled GYQIN YSIU.
  1277 | D:1      | 1277 ||| DROPPING scroll of blinking.
  1524 | D:2      | 1524 ||| Stepping ~*~*~tactically~*~*~ (stealth).
  1533 | D:2      | 1533 ||| FLEEEEING.
  1534 | D:2      | 1534 ||| FLEEEEING.
  1535 | D:2      | 1535 ||| FLEEEEING.
  1536 | D:2      | 1536 ||| FLEEEEING.
  1537 | D:2      | 1537 ||| FLEEEEING.
  1538 | D:2      | 1538 ||| FLEEEEING.
  1539 | D:2      | 1539 ||| FLEEEEING.
  1540 | D:2      | 1540 ||| FLEEEEING.
  1541 | D:2      | 1541 ||| FLEEEEING.
  1542 | D:2      | 1542 ||| FLEEEEING.
  1543 | D:2      | 1543 ||| FLEEEEING.
  1544 | D:2      | 1544 ||| FLEEEEING.
  1545 | D:2      | 1545 ||| FLEEEEING.
  1546 | D:2      | 1546 ||| FLEEEEING.
  1547 | D:2      | 1547 ||| FLEEEEING.
  1548 | D:2      | 1548 ||| FLEEEEING.
  1549 | D:2      | 1549 ||| FLEEEEING.
  1550 | D:2      | 1550 ||| FLEEEEING.
  1551 | D:2      | 1551 ||| FLEEEEING.
  1552 | D:2      | 1552 ||| FLEEEEING.
  1553 | D:2      | 1553 ||| STAIRDANCE
  1646 | D:1      | 1646 ||| DROPPING ring of wizardry.
  1647 | D:1      | 1647 ||| UPGRADING to ring of see invisible.
  1648 | D:1      | 1648 ||| DRINKING 2 purple potions.
  1683 | D:1      | 1683 ||| READING 2 scrolls of identify.
  1683 | D:1      | 1683 ||| IDENTIFYING cyan potion
  1684 | D:1      | 1684 ||| DROPPING potion of lignification.
  1689 | D:2      | Reached skill level 4 in Axes
  1689 | D:2      | 1689 ||| STAIRDANCE
  1743 | D:2      | Found a shimmering altar of Xom.
  1833 | D:2      | 1833 ||| Stepping ~*~*~tactically~*~*~ (hiding).
  1843 | D:2      | Slain by a gnoll

Levels and vault maps discovered:
D:1:      arrival_zaba_pyramid, layout_loops_ring,
          shapermc_ecumenical_altar_notcrosses, serial_bayou,
          serial_bayou_lagoon_b, serial_bayou_shore_b, serial_bayou_pond_d,
          serial_bayou_pond_e, serial_bayou_lagoon_a, minmay_split_cup_large
D:2:      layout_basic, basic_altar, minmay_liquid_box

Skill      XL: |  1  2  3 |
---------------+----------+-----
Axes           | 3 4 |  4.0
Fighting       | |  2.0
Throwing       | |  1.0
Armour         | |  1.1
Dodging        | |  2.1
Spellcasting   | |  2.0
Translocations | |  2.4

Action                   || total
-------------------------++-------
Melee: Hand axe          ||    55
       Kick              ||    18
       Peck              ||     7
Throw: Boomerang         ||     7
  Use: Scroll            ||     2
       Potion            ||     1
Armor: Leather armour    ||    13
Dodge: Dodged            ||    21

Table legend:
 A = Non-vault XP
 B = Vault XP
 C = Vault XP percentage of total XP
 D = Non-vault monster count
 E = Vault monster count
 F = Vault count percentage of total count
                 A         B        C        D         E       F
            +---------+---------+-------+---------+---------+-------
      Total |      37 |      10 |  21.3 |      23 |       4 |  14.8
            +---------+---------+-------+---------+---------+-------
        D:1 |      26 |      10 |  27.8 |      17 |       4 |  19.0
        D:2 |      11 |       0 |   0.0 |       6 |       0 |   0.0
            +---------+---------+-------+---------+---------+-------
